 Dungeon Crawl Stone Soup version 0.30.1-4-g462c640d31 (webtiles) character file.

Game seed: 3427892832515401378

67 GordonOverkill the Vexing (level 4, -3/25 HPs)
             Began as a Deep Elf Hexslinger on Aug 17, 2023.
             Slain by a gnoll
             ... wielding a +0 halberd
              (11 damage)
             ... on level 2 of the Dungeon.
             The game lasted 00:05:14 (1414 turns).

GordonOverkill the Vexing (Deep Elf Hexslinger)     Turns: 1414, Time: 00:05:15

Health: -3/25      AC:  5    Str:  7    XL:     4   Next: 0%
Magic:  3/9        EV: 13    Int: 18    God:
Gold:   114        SH:  0    Dex: 17    Spells: 3/7 levels left

rFire   . . .        a - +1 sling
rCold   . . .        (no shield)
rNeg    . . .        c - +0 robe
rPois   .            (no helmet)
rElec   .            (no cloak)
rCorr   .            m - +0 pair of gloves
SInv    .            o - +1 pair of boots
Will    .....        (no amulet)
Stlth   ++           (no ring)
HPRegen 0.24/turn    (no ring)
MPRegen 0.11/turn

%: no passive effects
@: no status effects
A: no striking features
a: no special abilities


You were on level 2 of the Dungeon.
You visited 1 branch of the dungeon, and saw 2 of its levels.

You collected 114 gold pieces.

Inventory:

Hand Weapons
 a - a +1 sling (weapon)
 d - a +0 dagger
Armour
 c - a +0 robe (worn)
 m - a +0 pair of gloves (worn)
 o - a +1 pair of boots (worn)
Scrolls
 b - 2 scrolls of poison
 f - 3 scrolls of teleportation {unknown}
 i - 2 scrolls of brand weapon {unknown}
 j - a scroll of silence {unknown}
 k - a scroll of noise {unknown}
 l - 4 scrolls of identify {unknown}
 n - a scroll of enchant weapon {unknown}
Potions
 e - 3 potions of heal wounds
 g - a potion of mutation {unknown}
 h - a potion of curing {unknown}
 p - a potion of cancellation {unknown}


   Skills:
 - Level 1.0 Fighting
 * Level 4.3 Ranged Weapons
 - Level 3.0 Dodging
 - Level 2.0 Spellcasting
 + Level 4.6 Hexes
 + Level 1.0 Translocations


You had 3 spell levels left.
You knew the following spells:

 Your Spells              Type           Power      Damage    Failure   Level
a - Slow                  Hex            72%        N/A       2%          1
b - Portal Projectile     Hex/Tloc       22%        N/A       17%         3

Your spell library contained the following spells:

 Spells                   Type           Power      Damage    Failure   Level
 Inner Flame              Hex/Fire       10%        N/A       22%         3
 Cause Fear               Hex            9%         N/A       26%         4


Dungeon Overview and Level Annotations

Branches:
Dungeon (2/15)

Altars:


Message History

The sling bullet barely misses the gnoll.
The gnoll hits you from afar with a +0 halberd.
Fire: a) +1 sling
Press: ? - help, Q - select action, (/) - cycle Shift-Dir - straight line, f/p - gnoll
Aim: a gnoll, wielding a +0 halberd (heavily wounded, slow, 64% to hit)
You shoot a sling bullet. The sling bullet hits the gnoll.
The gnoll is almost dead.
Fire: a) +1 sling
Press: ? - help, Q - select action, (/) - cycle Shift-Dir - straight line, f/p - gnoll
Aim: a gnoll, wielding a +0 halberd (almost dead, slow, 64% to hit)
You shoot a sling bullet.
The sling bullet barely misses the gnoll.
The gnoll misses you.
Fire: a) +1 sling
Press: ? - help, Q - select action, (/) - cycle Shift-Dir - straight line, f/p - gnoll
Aim: a gnoll, wielding a +0 halberd (almost dead, slow, 64% to hit)
You shoot a sling bullet.
The sling bullet barely misses the gnoll.
The gnoll hits you from afar with a +0 halberd!
* * * LOW HITPOINT WARNING * * *
Fire: a) +1 sling
Press: ? - help, Q - select action, (/) - cycle Shift-Dir - straight line, f/p - gnoll
Aim: a gnoll, wielding a +0 halberd (almost dead, slow, 64% to hit)
You shoot a sling bullet.
The sling bullet barely misses the gnoll.
The gnoll closely misses you.
Fire: a) +1 sling
Press: ? - help, Q - select action, (/) - cycle Shift-Dir - straight line, f/p - gnoll
Aim: a gnoll, wielding a +0 halberd (almost dead, slow, 64% to hit)
You shoot a sling bullet.
The sling bullet barely misses the gnoll.
The gnoll hits you from afar with a +0 halberd.
* * * LOW HITPOINT WARNING * * *
Fire: a) +1 sling
Press: ? - help, Q - select action, (/) - cycle Shift-Dir - straight line, f/p - gnoll
Aim: a gnoll, wielding a +0 halberd (almost dead, slow, 64% to hit)
You shoot a sling bullet.
The sling bullet barely misses the gnoll.
The gnoll hits you from afar with a +0 halberd!
You die...

.# #.#########.## .#
#............# .#
###########..###### .#
#.......# .### #..####.#
...# #..# #.# ##.#
#.g####<## #.#
######..).....#
#.####.........@.###..#
#......#######.#.#
#..###.# #.##########
#.#.###.....#
#.......†..#
#...(##.####.# #
#.########.###......#...#
.#. #†# #.##.......#.#.#
#.# #.# #.#............#
#.# #.# #.#.........#.##
#.# ..#
#..........>#.####.####


You could see a gnoll (slow).

Vanquished Creatures
  An adder (D:2)
  2 gnolls (D:2)
  A dart slug (D:1)
  3 endoplasms
  6 goblins
  2 hobgoblins (D:1)
  7 jackals (D:1)
  2 quokkas (D:1)
  A ball python (D:1)
  2 bats (D:1)
  4 frilled lizards
  2 kobolds
  3 rats
36 creatures vanquished.

Notes
Turn   | Place    | Note
-------+----------+-------------------------------------------
     0 | D:1      | GordonOverkill the Deep Elf Hexslinger began the quest for
                  | the Orb.
     0 | D:1      | Reached XP level 1. HP: 11/11 MP: 5/5
    70 | D:1      | Reached skill level 1 in Fighting
    70 | D:1      | Reached XP level 2. HP: 16/16 MP: 6/6
   773 | D:1      | Reached XP level 3. HP: 20/20 MP: 8/8
   883 | D:1      | Learned a level 3 spell: Portal Projectile
  1259 | D:2      | Reached skill level 1 in Translocations
  1332 | D:2      | Reached XP level 4. HP: 25/25 MP: 9/9
  1414 | D:2      | Slain by a gnoll

Illustrated notes

Levels and vault maps discovered:
D:1:      minmay_arrival_three_doors, layout_basic
D:2:      layout_loops_ring

Skill      XL: |  1  2  3 |
---------------+----------+-----
Ranged Weapons | 3 4 |  4.3
Fighting       | 1 |  1.0
Spellcasting   | 2 |  2.0
Dodging        | 3 |  3.0
Translocations | 1 |  1.0
Hexes          | |  4.6

Action                     |  1- 3 |  4- 6 || total
---------------------------+-------+-------++-------
  Melee: Dagger            |    21 |       ||    21
   Fire: Sling             |    98 |    11 ||   109
   Cast: Slow              |     7 |     1 ||     8
         Portal Projectile |     1 |     1 ||     2
    Use: Potion            |     1 |       ||     1
 Armour: Robe              |    24 |       ||    24
  Dodge: Dodged            |    65 |     2 ||    67
